 Dungeon Crawl Stone Soup version 0.23-a0-296-ga3b1b28 (webtiles) character file.

339 tsouns the Sneak (level 6, -12/42 HPs)
             Began as an Octopode Wanderer on Oct 5, 2018.
             Mangled by an ogre
             ... wielding a +0 giant club
              (29 damage)
             ... on level 4 of the Dungeon.
             The game lasted 00:06:05 (2496 turns).

tsouns the Sneak (Octopode Wanderer)                Turns: 2496, Time: 00:06:06

Health: -12/42     AC:  6    Str:  9    XL:     6   Next: 55%
Magic:  6/6        EV: 14    Int: 17    God:
Gold:   117        SH:  8    Dex: 18    Spells: 5/5 levels left

rFire    . . .     SeeInvis .   a - +2 short sword
rCold    . . .     Gourm    .   n - +0 shield
rNeg     . . .     Faith    .   (helmet restricted)
rPois    .         Spirit   .   (no amulet)
rElec    .         Reflect  .   v - +5 ring of protection
rCorr    .         Harm     .   (no ring)
MR       .....                  (no ring)
Stlth    ++++++....             (no ring)
HPRegen  0.14/turn              (no ring)
MPRegen  0.10/turn              (no ring)
                                (no ring)
                                (no ring)

@: agile
A: almost no armour, stealthy swim, amphibious, 8 rings, constrict 8, camouflage
1, gelatinous body 1
a: no special abilities


You were on level 4 of the Dungeon.
You were hungry.

You visited 1 branch of the dungeon, and saw 4 of its levels.

You collected 117 gold pieces.

Inventory:

Hand Weapons
 a - a +2 short sword (weapon)
 b - a +0 shortbow
 e - a +0 dagger
 k - a +0 hunting sling of freezing
Missiles
 c - 52 arrows
 g - 89 stones (quivered)
Armour
 n - a +0 shield (worn)
Jewellery
 m - an uncursed ring of teleportation
 v - a +5 ring of protection (left tentacle)
Wands
 o - a wand of polymorph (7)
Scrolls
 l - 5 scrolls of remove curse
 r - 2 scrolls of identify
 s - 2 scrolls of fear
 u - a scroll of blinking
 w - a scroll of magic mapping {unknown}
Potions
 d - 2 potions of curing
 h - 2 potions of flight
 j - 2 potions of berserk rage
 p - a potion of agility
 q - 2 potions of haste
 t - a potion of brilliance {unknown}
 x - 2 potions of mutation {unknown}
Comestibles
 f - 6 rations


   Skills:
 - Level 3.0 Fighting
 + Level 4.3 Short Blades
 - Level 2.0 Bows
 + Level 7.4 Stealth
 + Level 1.7 Shields
 - Level 1.1 Evocations


You had 5 spell levels left.
You didn't know any spells.
Your spell library was empty.

Dungeon Overview and Level Annotations

Branches:
Dungeon (4/15)             Temple (0/1) D:4

Altars:
Cheibriados
Fedhas

Annotations:
D:3 exclusion: oklob plant


Innate Abilities, Weirdness & Mutations

You cannot wear most types of armour.
You are very stealthy in the water. (Stealth+)
You are amphibious.
You can wear up to eight rings at the same time.
You can use your tentacles to constrict eight enemies at once.
Your skin changes colour to match your surroundings (Stealth+).
Your rubbery body absorbs attacks. (AC +1, EV +1)


Message History

There is a stone staircase leading up here.
The ogre shouts!
The adder hisses angrily.
There is a stone staircase leading up here.
You feel agile all of a sudden.
You hit the adder. Your grab misses the adder.
The adder is moderately wounded.
The adder bites you. The adder closely misses you.
You hit the adder. You grab the adder. You squeeze the adder.
You kill the adder!
The ogre hits you with a giant club.
You see here an adder corpse.
You hit the ogre.
The ogre is moderately wounded.
The ogre hits you with a giant club!!
Ouch! That really hurt!
You hit the ogre. You squeeze the ogre!
The ogre is severely wounded.
The ogre hits you with a giant club!!
Ouch! That really hurt!
You die...

### #..
#.####
#O...#
#@##.###
#PP#
##.......#
#....%P.#
#........
##.######
.#


You could see an ogre.

Vanquished Creatures
  Sigmund (D:2)
  A scorpion (D:3)
  Terence (D:2)
  5 adders
  An ooze (D:3)
  A worm (D:3)
  3 dart slugs
  4 leopard geckos
  2 giant cockroaches (D:1)
  8 goblins
  6 hobgoblins
  7 bats
  7 frilled lizards
  8 kobolds
  3 rats
58 creatures vanquished.

Notes
Turn   | Place    | Note
-------+----------+-------------------------------------------
     0 | D:1      | tsouns the Octopode Wanderer began the quest for the Orb.
     0 | D:1      | tsouns set off with: a +2 short sword, a +0 shortbow, 25
                  | arrows, a potion of curing, a +0 dagger, a ration
     0 | D:1      | Reached XP level 1. HP: 16/16 MP: 1/1
   268 | D:1      | Reached XP level 2. HP: 17/21 MP: 2/2
   692 | D:2      | Noticed Sigmund
   838 | D:2      | Reached skill level 5 in Stealth
   838 | D:2      | Reached XP level 3. HP: 11/26 MP: 3/3
   963 | D:2      | Killed Sigmund
   963 | D:2      | Reached skill level 6 in Stealth
   963 | D:2      | Reached XP level 4. HP: 16/31 MP: 4/4
   963 | D:2      | Reached XP level 5. HP: 19/36 MP: 5/5
  1414 | D:2      | Found a snail-covered altar of Cheibriados.
  1423 | D:2      | Noticed Terence
  1428 | D:2      | Killed Terence
  1480 | D:2      | Reached skill level 7 in Stealth
  1684 | D:3      | Reached XP level 6. HP: 34/42 MP: 6/6
  1704 | D:3      | Found a blossoming altar of Fedhas.
  1748 | D:3      | Reached skill level 1 in Shields
  2417 | D:3      | Noticed an oklob plant
  2488 | D:4      | Found a staircase to the Ecumenical Temple.
  2496 | D:4      | Mangled by an ogre

Vault maps used:
D:1:      dpeg_arrival_rooms_b, feat_on_display
D:2:      cheibriados_altar_1, uniq_terence, uniq_sigmund
D:3:      first_ration, tgw_fedhas
D:4:      cheibrodos_pilgrimage, minmay_temple_entry_overgrown,
          ebering_ghost_rock_garden, uniq_ijyb

Skill      XL: |  1  2  3  4  5  6 |
---------------+-------------------+-----
Short Blades   | 2 3 4 |  4.3
Stealth        | 5 6 7 |  7.4
Shields        | 1 |  1.7
Fighting       | |  3.0
Bows           | |  2.0
Evocations     | |  1.1

Action                   |  1- 3 |  4- 6 || total
-------------------------+-------+-------++-------
Melee: Short sword       |    41 |    80 ||   121
       Constrict         |     8 |    17 ||    25
       Tentacles         |     6 |    16 ||    22
  Use: Scroll            |     5 |     6 ||    11
       Potion            |     3 |     2 ||     5
 Stab: Sleeping          |     7 |    12 ||    19
       Distracted        |       |     1 ||     1
  Eat: Ration            |       |     1 ||     1
       Chunk             |       |     1 ||     1
Armor: Skin              |     2 |     9 ||    11
Dodge: Dodged            |    25 |    20 ||    45
Block: Shield            |       |    14 ||    14

Table legend:
 A = Non-vault XP
 B = Vault XP
 C = Vault XP percentage of total XP
 D = Non-vault monster count
 E = Vault monster count
 F = Vault count percentage of total count
                 A         B        C        D         E       F
            +---------+---------+-------+---------+---------+-------
      Total |     237 |     248 |  51.1 |      56 |       2 |   3.4
            +---------+---------+-------+---------+---------+-------
        D:1 |      28 |       0 |   0.0 |      14 |       0 |   0.0
        D:2 |      36 |     248 |  87.3 |      16 |       2 |  11.1
        D:3 |     159 |       0 |   0.0 |      25 |       0 |   0.0
        D:4 |      14 |       0 |   0.0 |       1 |       0 |   0.0
            +---------+---------+-------+---------+---------+-------
